General information
- name: BNet
- type: Ladder team game (AT/RT)
- host: Battle.net
- saver: DOGSANDHORSE.RU
map: SunrockCove
- players: 6
- length: 81:58
- speed: Fast
- version: 1.24 W3XP
- replay type:

» download(567 KB)
Players
team 1 (winner)
DOGSANDHORSE.RU (
teal | 95 APM | 7770 actions | 81:58)
10 Blademaster
3 Wind Walk
3 Critical Strike
1 Bladestorm
3 Mirror Image
» actions
| Assign group hotkey | 16 | |
| Basic commands | 5 | |
| Build / train | 125 | |
| Enter build submenu | 120 | |
| Enter hero's abilities submenu | 10 | |
| Give item / drop item | 25 | |
| Right click | 5446 | |
| Select / deselect | 610 | |
| Select group hotkey | 908 | |
| Use ability | 500 | |
7770 total
» units
| Peon | 10 | |
| Troll Batrider | 36 | |
| Goblin Zeppelin | 3 | |
49 total
» upgrades
| Spiked Barricades | 1 | |
| Ranged Weapons | 3 | |
| Liquid Fire | 1 | |
| Reinforced Defenses | 1 | |
| Armor | 2 | |
8 total
» buildings
| Altar of Storms | 2 | |
| War Mill | 1 | |
| Orc Burrow | 3 | |
| Voodoo Lounge | 5 | |
| Watch Tower | 117 | |
| Stronghold | 1 | |
| Fortress | 1 | |
| Beastiary | 2 | |
| Great Hall | 1 | |
133 total
» build order
00:10 Altar of Storms
00:12 Altar of Storms
00:17 War Mill
00:21 Orc Burrow
01:12 Voodoo Lounge
01:37 Watch Tower
01:44 Watch Tower
02:06 Watch Tower
02:29 Watch Tower
02:32 Watch Tower
02:43 Watch Tower
02:45 Watch Tower
03:04 Watch Tower
03:11 Watch Tower
03:40 Watch Tower
03:50 Watch Tower
03:59 Stronghold
04:16 Watch Tower
04:29 Watch Tower
04:50 Watch Tower
04:54 Watch Tower
05:07 Watch Tower
05:37 Watch Tower
05:39 Orc Burrow
06:07 Watch Tower
06:10 Watch Tower
07:47 Fortress
07:49 Beastiary
07:52 Beastiary
07:57 Watch Tower
07:59 Watch Tower
08:07 Watch Tower
08:08 Watch Tower
08:09 Watch Tower
09:06 Watch Tower
09:07 Watch Tower
09:21 Orc Burrow
10:33 Watch Tower
10:34 Watch Tower
12:51 Watch Tower
12:52 Watch Tower
13:54 Watch Tower
14:54 Watch Tower
14:55 Watch Tower
14:55 Watch Tower
14:56 Watch Tower
15:15 Watch Tower
15:36 Watch Tower
16:10 Watch Tower
16:11 Watch Tower
16:12 Watch Tower
16:13 Watch Tower
16:13 Watch Tower
17:17 Watch Tower
17:18 Watch Tower
17:28 Watch Tower
18:23 Voodoo Lounge
20:11 Voodoo Lounge
20:12 Watch Tower
20:13 Watch Tower
20:13 Watch Tower
20:14 Watch Tower
45:07 Watch Tower
45:08 Watch Tower
45:08 Watch Tower
45:09 Watch Tower
45:10 Watch Tower
45:10 Watch Tower
45:11 Watch Tower
46:24 Watch Tower
46:24 Watch Tower
46:24 Watch Tower
46:25 Watch Tower
46:27 Watch Tower
46:27 Watch Tower
46:52 Watch Tower
49:49 Watch Tower
49:49 Watch Tower
49:50 Watch Tower
49:51 Watch Tower
49:51 Watch Tower
49:54 Watch Tower
50:02 Watch Tower
50:06 Watch Tower
50:08 Watch Tower
51:07 Watch Tower
51:09 Watch Tower
51:09 Watch Tower
51:10 Watch Tower
51:14 Watch Tower
51:17 Watch Tower
51:20 Watch Tower
51:57 Watch Tower
52:14 Voodoo Lounge
53:17 Watch Tower
53:18 Watch Tower
53:18 Watch Tower
53:20 Watch Tower
53:20 Watch Tower
53:21 Watch Tower
53:22 Watch Tower
53:23 Watch Tower
53:30 Watch Tower
54:28 Great Hall
54:31 Watch Tower
54:31 Watch Tower
54:32 Watch Tower
54:33 Watch Tower
54:33 Watch Tower
54:36 Watch Tower
54:37 Watch Tower
55:46 Watch Tower
55:46 Watch Tower
55:47 Watch Tower
55:47 Watch Tower
55:48 Watch Tower
55:50 Watch Tower
56:45 Voodoo Lounge
57:04 Watch Tower
57:04 Watch Tower
57:04 Watch Tower
57:04 Watch Tower
57:05 Watch Tower
57:06 Watch Tower
57:06 Watch Tower
57:06 Watch Tower
57:06 Watch Tower
57:07 Watch Tower
» items
| Healing Salve | 5 | |
| Lesser Clarity Potion | 34 | |
| Boots of Speed | 1 | |
| Staff of Teleportation | 1 | |
| Orb of Lightning | 1 | |
| Potion of Healing | 1 | |
| Tiny Great Hall | 2 | |
| Scroll of Town Portal | 4 | |
| Potion of Mana | 2 | |
51 total
nutsonyochin.de (
green | 90 APM | 7406 actions | 81:57)
5 Archmage
3 Blizzard
2 Brilliance Aura
6 Paladin
3 Holy Light
3 Divine Shield
» actions
| Assign group hotkey | 16 | |
| Basic commands | 42 | |
| Build / train | 135 | |
| ESC pressed | 4 | |
| Enter build submenu | 83 | |
| Enter hero's abilities submenu | 11 | |
| Give item / drop item | 3 | |
| Right click | 4420 | |
| Select / deselect | 407 | |
| Select group hotkey | 1819 | |
| Use ability | 466 | |
7406 total
» units
| Peasant | 19 | |
| Dragonhawk Rider | 8 | |
27 total
» upgrades
| Masonry | 3 | |
| Magic Sentry | 1 | |
| Animal War Training | 1 | |
| Armor | 3 | |
| Cloud | 1 | |
| Swords | 3 | |
12 total
» buildings
| Altar of Kings | 4 | |
| Farm | 11 | |
| Lumber Mill | 2 | |
| Scout Tower | 100 | |
| Arcane Tower | 7 | |
| Guard Tower | 55 | |
| Town Hall | 1 | |
| Arcane Vault | 2 | |
| Keep | 1 | |
| Arcane Sanctum | 1 | |
| Castle | 1 | |
| Gryphon Aviary | 1 | |
| Barracks | 1 | |
| Blacksmith | 1 | |
188 total
» build order
00:12 Altar of Kings
00:29 Farm
00:46 Lumber Mill
01:04 Scout Tower
01:12 Scout Tower
01:34 Arcane Tower
01:50 Arcane Tower
01:50 Arcane Tower
01:50 Arcane Tower
02:03 Farm
02:10 Scout Tower
02:19 Scout Tower
02:49 Guard Tower
02:50 Scout Tower
02:55 Scout Tower
03:04 Guard Tower
03:05 Scout Tower
03:44 Guard Tower
04:18 Guard Tower
04:19 Scout Tower
04:22 Arcane Tower
04:24 Scout Tower
04:34 Scout Tower
04:49 Guard Tower
05:02 Guard Tower
05:42 Town Hall
05:47 Scout Tower
05:47 Scout Tower
05:48 Scout Tower
05:49 Scout Tower
05:53 Scout Tower
05:54 Scout Tower
05:55 Scout Tower
05:56 Scout Tower
05:59 Guard Tower
06:05 Farm
06:15 Guard Tower
06:16 Guard Tower
06:22 Guard Tower
06:23 Guard Tower
06:38 Arcane Tower
06:45 Guard Tower
07:09 Guard Tower
07:18 Scout Tower
07:20 Scout Tower
07:24 Scout Tower
07:24 Scout Tower
07:25 Scout Tower
07:26 Scout Tower
07:44 Scout Tower
07:45 Scout Tower
07:46 Scout Tower
07:46 Scout Tower
08:34 Guard Tower
08:37 Scout Tower
08:37 Scout Tower
08:38 Scout Tower
08:40 Guard Tower
08:41 Guard Tower
08:43 Guard Tower
08:48 Arcane Vault
09:05 Guard Tower
09:09 Keep
09:10 Scout Tower
09:11 Scout Tower
09:12 Scout Tower
09:13 Scout Tower
09:14 Scout Tower
09:15 Scout Tower
09:20 Scout Tower
09:20 Scout Tower
09:26 Scout Tower
09:27 Scout Tower
09:30 Scout Tower
09:31 Scout Tower
09:51 Guard Tower
09:55 Guard Tower
10:01 Guard Tower
10:01 Guard Tower
10:04 Scout Tower
10:05 Scout Tower
10:06 Scout Tower
10:08 Scout Tower
10:10 Guard Tower
10:13 Scout Tower
10:14 Scout Tower
10:22 Guard Tower
10:41 Scout Tower
10:43 Scout Tower
10:45 Scout Tower
10:48 Scout Tower
12:04 Guard Tower
12:06 Arcane Sanctum
12:11 Guard Tower
12:15 Scout Tower
12:17 Scout Tower
12:17 Scout Tower
12:18 Scout Tower
12:19 Scout Tower
12:31 Guard Tower
12:35 Castle
12:37 Guard Tower
12:39 Guard Tower
12:41 Scout Tower
12:41 Scout Tower
12:42 Scout Tower
12:42 Scout Tower
12:43 Scout Tower
12:44 Scout Tower
12:45 Guard Tower
13:46 Scout Tower
13:46 Scout Tower
13:51 Guard Tower
14:06 Arcane Vault
14:11 Guard Tower
14:27 Guard Tower
14:28 Guard Tower
14:33 Gryphon Aviary
14:35 Barracks
14:37 Blacksmith
14:39 Farm
14:39 Farm
14:40 Farm
14:41 Farm
14:41 Farm
14:54 Guard Tower
14:54 Guard Tower
14:54 Guard Tower
15:08 Guard Tower
15:16 Scout Tower
15:17 Scout Tower
15:17 Scout Tower
15:18 Scout Tower
15:19 Scout Tower
15:19 Scout Tower
16:50 Scout Tower
16:51 Scout Tower
16:51 Scout Tower
16:51 Scout Tower
16:52 Scout Tower
16:52 Scout Tower
16:59 Scout Tower
16:59 Scout Tower
17:00 Scout Tower
17:00 Scout Tower
17:00 Scout Tower
17:02 Guard Tower
17:29 Guard Tower
17:40 Scout Tower
17:42 Scout Tower
17:43 Scout Tower
17:43 Scout Tower
17:45 Scout Tower
17:48 Scout Tower
17:49 Scout Tower
17:49 Scout Tower
18:37 Guard Tower
19:06 Guard Tower
19:11 Guard Tower
19:32 Guard Tower
19:40 Lumber Mill
19:41 Guard Tower
19:45 Guard Tower
19:47 Guard Tower
19:48 Guard Tower
20:05 Guard Tower
20:06 Guard Tower
20:10 Guard Tower
20:11 Scout Tower
21:22 Guard Tower
23:58 Altar of Kings
24:00 Altar of Kings
25:55 Scout Tower
25:56 Scout Tower
25:57 Scout Tower
25:58 Scout Tower
26:49 Scout Tower
26:50 Scout Tower
26:51 Scout Tower
50:05 Guard Tower
64:15 Altar of Kings
64:17 Farm
64:18 Farm
65:38 Farm
» items
| Staff of Teleportation | 2 | |
| Boots of Speed | 2 | |
| Healing Salve | 3 | |
| Potion of Healing | 4 | |
| Scroll of Regeneration | 1 | |
| Staff of Sanctuary | 2 | |
| Lesser Clarity Potion | 2 | |
| Orb of Lightning | 2 | |
18 total
TandoiTRS-80 (
red | 102 APM | 8387 actions | 81:56)
9 Warden
3 Shadow Strike
3 Blink
1 Spirit of Vengeance
2 Fan of Knives
» actions
| Assign group hotkey | 741 | |
| Basic commands | 19 | |
| Build / train | 126 | |
| Enter build submenu | 28 | |
| Enter hero's abilities submenu | 9 | |
| Give item / drop item | 6 | |
| Remove unit from queue | 8 | |
| Right click | 5054 | |
| Select / deselect | 431 | |
| Select group hotkey | 1345 | |
| Use ability | 619 | |
8387 total
» units
» upgrades
| Ultravision | 1 | |
| Strength of the Wild | 3 | |
| Well Spring | 1 | |
| Reinforced Hides | 3 | |
| Moon Armor | 0 | |
| Corrosive Breath | 1 | |
| Strength of the Moon | 1 | |
10 total
» buildings
| Altar of Elders | 1 | |
| Moon Well | 7 | |
| Ancient of Wonders | 1 | |
| Tree of Ages | 3 | |
| Hunter's Hall | 1 | |
| Tree of Eternity | 3 | |
| Tree of Life | 3 | |
| Ancient of Wind | 1 | |
| Chimaera Roost | 2 | |
| Ancient of War | 10 | |
32 total
» build order
00:02 Altar of Elders
00:04 Moon Well
01:24 Moon Well
03:58 Moon Well
07:38 Ancient of Wonders
07:40 Tree of Ages
07:40 Tree of Ages
08:51 Hunter's Hall
09:39 Moon Well
09:42 Moon Well
09:44 Moon Well
09:45 Moon Well
11:24 Tree of Eternity
11:24 Tree of Eternity
11:24 Tree of Eternity
15:53 Tree of Life
22:19 Ancient of Wind
24:12 Chimaera Roost
24:13 Chimaera Roost
30:11 Tree of Life
30:42 Tree of Life
80:57 Ancient of War
80:58 Ancient of War
80:59 Ancient of War
81:01 Ancient of War
81:02 Ancient of War
81:03 Ancient of War
81:05 Ancient of War
81:06 Ancient of War
81:06 Ancient of War
81:11 Ancient of War
» items
| Boots of Speed | 1 | |
| Staff of Teleportation | 1 | |
| Periapt of Vitality | 1 | |
| Moonstone | 5 | |
| Staff of Preservation | 1 | |
| Lesser Clarity Potion | 3 | |
| Potion of Healing | 4 | |
| Orb of Venom | 1 | |
| Scroll of Regeneration | 1 | |
| Potion of Mana | 1 | |
| Scroll of Town Portal | 7 | |
26 total
team 2 (loser)
CjiN00 (
purple | 65 APM | 5337 actions | 81:56)
6 Death Knight
3 Death Coil
3 Unholy Aura
4 Lich
2 Frost Nova
2 Frost Armor
4 Pit Lord
2 Howl of Terror
2 Cleaving Attack
1 Mountain King
1 Bash
» actions
| Assign group hotkey | 101 | |
| Basic commands | 1 | |
| Build / train | 124 | |
| Enter build submenu | 29 | |
| Enter hero's abilities submenu | 17 | |
| Give item / drop item | 17 | |
| Remove unit from queue | 5 | |
| Right click | 2651 | |
| Select / deselect | 832 | |
| Select group hotkey | 1306 | |
| Use ability | 254 | |
5337 total
» units
| Acolyte | 26 | |
| Ghoul | 3 | |
| Crypt Fiend | 13 | |
| Meatwagon | 9 | |
| Necromancer | 14 | |
| Obsidian Statue | 2 | |
| Frost Wyrm | 3 | |
| Goblin Zeppelin | 1 | |
71 total
» upgrades
| Creature Attack | 1 | |
| Web | 1 | |
| Disease Cloud | 0 | |
| Exhume Corpses | 1 | |
| Necromancer Training | 2 | |
| Skeletal Mastery | 1 | |
| Skeletal Longevity | 1 | |
| Unholy Strength | 3 | |
| Unholy Armor | 2 | |
12 total
» buildings
| Crypt | 1 | |
| Graveyard | 1 | |
| Ziggurat | 8 | |
| Altar of Darkness | 1 | |
| Nerubian Tower | 2 | |
| Halls of the Dead | 1 | |
| Spirit Tower | 3 | |
| Black Citadel | 1 | |
| Sacrificial Pit | 1 | |
| Slaughterhouse | 1 | |
| Temple of the Damned | 2 | |
| Tomb of Relics | 1 | |
| Necropolis | 3 | |
| Boneyard | 2 | |
28 total
» build order
00:08 Crypt
00:27 Graveyard
00:40 Ziggurat
00:59 Altar of Darkness
01:35 Ziggurat
01:58 Nerubian Tower
04:22 Halls of the Dead
05:33 Spirit Tower
05:36 Ziggurat
06:54 Ziggurat
07:37 Spirit Tower
09:34 Black Citadel
10:14 Ziggurat
10:15 Ziggurat
11:28 Nerubian Tower
11:29 Spirit Tower
12:07 Sacrificial Pit
12:32 Slaughterhouse
12:36 Temple of the Damned
13:08 Temple of the Damned
13:11 Tomb of Relics
19:04 Ziggurat
19:08 Ziggurat
29:46 Necropolis
29:55 Boneyard
29:56 Boneyard
36:31 Necropolis
40:28 Necropolis
» items
| Lesser Clarity Potion | 2 | |
| Scroll of Regeneration | 1 | |
| Scroll of Town Portal | 2 | |
| Orb of Corruption | 1 | |
| Scroll of Healing | 1 | |
| Rod of Necromancy | 1 | |
| Potion of Healing | 1 | |
| Potion of Mana | 1 | |
| Sacrificial Skull | 2 | |
| Dust of Appearance | 1 | |
13 total

»
Kies (
orange | 101 APM | 7391 actions | 72:54)
4 Archmage
2 Summon Water Elemental
2 Brilliance Aura
4 Naga Sea Witch
2 Frost Arrows
2 Forked Lightning
3 Dark Ranger
2 Silence
1 Black Arrow
» actions
| Assign group hotkey | 163 | |
| Basic commands | 644 | |
| Build / train | 177 | |
| ESC pressed | 3 | |
| Enter build submenu | 58 | |
| Enter hero's abilities submenu | 12 | |
| Give item / drop item | 8 | |
| Remove unit from queue | 1 | |
| Right click | 3417 | |
| Select / deselect | 1185 | |
| Select group hotkey | 1456 | |
| Use ability | 267 | |
7391 total
» units
| Peasant | 30 | |
| Footman | 10 | |
| Dragonhawk Rider | 15 | |
| Gryphon Rider | 13 | |
| Priest | 1 | |
| Mortar Team | 26 | |
95 total
» upgrades
| Lumber Harvesting | 2 | |
| Swords | 1 | |
| Cloud | 1 | |
| Priest Training | 1 | |
| Masonry | 2 | |
| Flare | 1 | |
| Gunpowder | 3 | |
| Fragmentation Shards | 1 | |
12 total
» buildings
| Altar of Kings | 1 | |
| Barracks | 1 | |
| Farm | 10 | |
| Scout Tower | 23 | |
| Arcane Tower | 3 | |
| Keep | 1 | |
| Arcane Vault | 1 | |
| Blacksmith | 1 | |
| Lumber Mill | 1 | |
| Castle | 3 | |
| Gryphon Aviary | 2 | |
| Town Hall | 1 | |
| Arcane Sanctum | 1 | |
| Workshop | 3 | |
| Guard Tower | 23 | |
75 total
» build order
00:07 Altar of Kings
00:19 Barracks
00:22 Farm
00:49 Farm
01:40 Farm
01:57 Scout Tower
02:24 Farm
02:25 Farm
02:32 Arcane Tower
03:46 Keep
04:13 Farm
04:19 Arcane Vault
04:59 Blacksmith
05:01 Lumber Mill
06:39 Castle
06:39 Castle
07:41 Gryphon Aviary
08:01 Farm
09:18 Gryphon Aviary
09:40 Farm
13:52 Town Hall
17:08 Farm
17:09 Farm
18:26 Arcane Sanctum
27:25 Workshop
27:57 Workshop
28:02 Workshop
31:49 Scout Tower
31:50 Scout Tower
31:51 Scout Tower
32:04 Guard Tower
33:39 Scout Tower
33:39 Scout Tower
33:40 Scout Tower
34:09 Guard Tower
34:10 Scout Tower
34:12 Scout Tower
34:42 Guard Tower
35:37 Guard Tower
35:37 Guard Tower
35:37 Guard Tower
35:41 Scout Tower
35:43 Scout Tower
35:45 Scout Tower
36:16 Guard Tower
36:16 Guard Tower
36:23 Guard Tower
36:29 Scout Tower
36:37 Guard Tower
36:38 Guard Tower
37:01 Guard Tower
37:01 Guard Tower
37:11 Scout Tower
37:25 Scout Tower
37:40 Guard Tower
37:53 Guard Tower
38:00 Scout Tower
38:27 Guard Tower
38:45 Scout Tower
39:13 Guard Tower
39:43 Scout Tower
40:23 Scout Tower
40:28 Guard Tower
40:32 Scout Tower
41:18 Arcane Tower
41:31 Arcane Tower
42:00 Scout Tower
42:32 Guard Tower
42:34 Scout Tower
44:35 Scout Tower
46:28 Guard Tower
» items
| Scroll of Regeneration | 7 | |
| Lesser Clarity Potion | 3 | |
| Scroll of Town Portal | 2 | |
| Staff of Teleportation | 1 | |
| Orb of Fire | 1 | |
14 total
New.ThomY (
pink | 44 APM | 3225 actions | 72:51)
4 Archmage
2 Summon Water Elemental
2 Brilliance Aura
3 Mountain King
2 Storm Bolt
1 Bash
» actions
| Assign group hotkey | 91 | |
| Basic commands | 3 | |
| Build / train | 87 | |
| ESC pressed | 3 | |
| Enter build submenu | 27 | |
| Enter hero's abilities submenu | 9 | |
| Give item / drop item | 4 | |
| Remove unit from queue | 2 | |
| Right click | 1374 | |
| Select / deselect | 846 | |
| Select group hotkey | 600 | |
| Use ability | 179 | |
3225 total
» units
| Peasant | 16 | |
| Footman | 8 | |
| Mortar Team | 21 | |
| Siege Engine | 2 | |
47 total
» upgrades
| Defend | 1 | |
| Lumber Harvesting | 1 | |
| Plating | 1 | |
| Flare | 1 | |
| Masonry | 3 | |
| Long Rifles | 1 | |
| Gunpowder | 2 | |
| Barrage | 1 | |
| Fragmentation Shards | 1 | |
| Flak Cannons | 1 | |
| Armor | 1 | |
14 total
» buildings
| Altar of Kings | 1 | |
| Farm | 10 | |
| Barracks | 1 | |
| Scout Tower | 8 | |
| Arcane Tower | 1 | |
| Keep | 1 | |
| Lumber Mill | 1 | |
| Blacksmith | 1 | |
| Guard Tower | 5 | |
| Arcane Vault | 1 | |
| Workshop | 2 | |
| Castle | 1 | |
| Cannon Tower | 1 | |
| Town Hall | 2 | |
36 total
» build order
00:06 Altar of Kings
00:20 Farm
00:21 Barracks
00:50 Farm
01:30 Scout Tower
01:59 Arcane Tower
02:03 Farm
02:44 Keep
03:25 Lumber Mill
03:27 Blacksmith
03:57 Farm
04:19 Farm
04:23 Scout Tower
05:00 Guard Tower
05:27 Arcane Vault
05:52 Scout Tower
06:08 Workshop
06:23 Guard Tower
07:48 Farm
09:03 Farm
09:35 Castle
10:10 Farm
10:13 Scout Tower
10:47 Scout Tower
10:50 Guard Tower
10:52 Scout Tower
12:25 Cannon Tower
12:27 Workshop
12:54 Guard Tower
14:21 Farm
14:37 Scout Tower
14:40 Farm
15:53 Guard Tower
15:59 Scout Tower
17:47 Town Hall
21:29 Town Hall
» items
| Scroll of Regeneration | 1 | |
| Potion of Lesser Invulnerability | 1 | |
| Circlet of Nobility | 1 | |
| Dust of Appearance | 1 | |
| Scroll of Town Portal | 1 | |
5 total
Chat log
(00:55 / All) Kies: fear.fm !!!!!!!!!
(01:00 / All) DOGSANDHORSE.RU: highper.ch
(01:03 / All) TandoiTRS-80: last.fm/music/vengaboys
(01:07 / All) nutsonyochin.de: my dick. ur mouth
(01:15 / All) CjiN00: manner up
(01:20 / All) Kies: na wenn du auf alte frauen stehst
(07:21 / All) DOGSANDHORSE.RU: idiot
(10:03 / All) DOGSANDHORSE.RU: idiot
(11:21 / All) DOGSANDHORSE.RU: uypgrade
(11:22 / All) DOGSANDHORSE.RU: moron
(17:12 / All) DOGSANDHORSE.RU: leave
(17:13 / All) DOGSANDHORSE.RU: idiot
(18:10 / All) DOGSANDHORSE.RU: CANCEL
(18:11 / All) DOGSANDHORSE.RU: IDIOT
(19:21 / All) DOGSANDHORSE.RU: LEAVE
(20:41 / All) DOGSANDHORSE.RU: idiot
(22:08 / All) DOGSANDHORSE.RU: leave
(26:00 / All) DOGSANDHORSE.RU: jhey orange
(26:07 / All) DOGSANDHORSE.RU: no peons at expo????
(26:16 / All) nutsonyochin.de: my dinner here
(26:17 / All) nutsonyochin.de: pad thai
(26:18 / All) nutsonyochin.de: brb
(26:41 / All) TandoiTRS-80: there's a restaurant in belfast called 'Thai Tanic'. good pun, no?
(26:54 / All) DOGSANDHORSE.RU: there a tennis shoppe in oakville called The Merchant Of Tennis
(27:11 / All) DOGSANDHORSE.RU: there's a menswear store behind my building called
(27:16 / All) DOGSANDHORSE.RU: The Brick Shirt House
(27:55 / All) nutsonyochin.de: CAN YOU LEAVE
(30:58 / All) DOGSANDHORSE.RU: NPP
(31:02 / All) DOGSANDHORSE.RU: NO PEASANT PINK
(31:24 / All) DOGSANDHORSE.RU: how to say....
(31:28 / All) DOGSANDHORSE.RU: Nieoouuu....chpochopchopcho
(32:08 / All) nutsonyochin.de: GO AWAY
(33:31 / All) nutsonyochin.de: I CRUNCH ON MY PAD THAI AS U SAY GOOD BYE
(35:25 / All) DOGSANDHORSE.RU: idiot
(35:26 / All) DOGSANDHORSE.RU: why
(35:36 / All) nutsonyochin.de: WHYFORE are u attard
(36:28 / All) DOGSANDHORSE.RU: ahahahahahah lol
(37:54 / All) DOGSANDHORSE.RU: nope
(37:55 / All) DOGSANDHORSE.RU: idiot
(38:04 / All) TandoiTRS-80: GOD D*MN. u have nothing. leav this game.
(40:22 / All) nutsonyochin.de: AAAAAAAAAAAAAAAAAAAAAAAA stop
(40:24 / All) nutsonyochin.de: cease and desist
(40:27 / All) TandoiTRS-80: "In the Mountains"
(40:29 / All) TandoiTRS-80: uberabaa_mg
(40:44 / All) nutsonyochin.de: u make gary squeal on vent when he spot that
(40:52 / All) Kies: y
(43:03 / All) nutsonyochin.de: touch my body
(43:12 / All) nutsonyochin.de: i grow weary of this
(43:15 / All) nutsonyochin.de: do u guys want 2 win
(43:27 / All) nutsonyochin.de: speak now
(43:33 / All) nutsonyochin.de: do you want me to leave
(43:34 / All) TandoiTRS-80: or forever hold ur peas
(43:41 / All) DOGSANDHORSE.RU: you can make us leave
(43:43 / All) nutsonyochin.de: SPEAK ENGLISH?
(43:45 / All) DOGSANDHORSE.RU: http://highper.ch/win
(43:47 / All) nutsonyochin.de: DEUTSH
(43:52 / All) nutsonyochin.de: douche
(44:00 / All) DOGSANDHORSE.RU: you deutschebags
(46:14 / All) TandoiTRS-80: n0 m0re b0n3 drag0ns 4 u
(46:59 / All) TandoiTRS-80: how much gold u guys got? i got 18535 lol,.
(47:12 / All) New.ThomY: 0 xD
(47:18 / All) DOGSANDHORSE.RU: exactly
(47:18 / All) TandoiTRS-80: LOL. quit childe
(47:40 / All) nutsonyochin.de: BEAR_AND grin it if ur int it
(48:22 / All) nutsonyochin.de: BELCH
(49:03 / All) TandoiTRS-80: a festivus for the rest of us
(49:08 / All) TandoiTRS-80: frank costanza, 1989 - 1998
(50:19 / All) nutsonyochin.de: belch noise burrrrrrp
(50:26 / All) TandoiTRS-80: fart noise *toot*
(50:40 / All) TandoiTRS-80: new drum n bass band: Fart Noisia
(50:55 / All) nutsonyochin.de: DAINOOOOO
(51:09 / All) nutsonyochin.de: u win
(51:12 / All) nutsonyochin.de: u achieve victor
(51:15 / All) Kies: 'maybe
(52:19 / All) nutsonyochin.de: ,mine altar
(53:24 / All) TandoiTRS-80: o no u dident, annak ondra.
(55:31 / All) TandoiTRS-80: my name is christopher demon i will take my shoes off now
(57:20 / All) DOGSANDHORSE.RU: jeu
(57:21 / All) TandoiTRS-80: Kiri: stalker of the Stars, LA Times, LA, LOS ANGELES, CALIFORNIAE, United State. 2009. Obama.
(57:23 / All) DOGSANDHORSE.RU: leave
(60:28 / All) nutsonyochin.de: what what what - the zeppelin just clicked in bottom right, nov 2009
(60:49 / All) TandoiTRS-80: circa nov 2009, can never be truly accurate with any scientific approximation
(61:11 / All) nutsonyochin.de: its tenacious d time you motherfuckers lets go
(61:30 / All) TandoiTRS-80: fart noiae
(61:40 / Allies) nutsonyochin.de: fartin away
(61:43 / All) DOGSANDHORSE.RU: edited it
(63:14 / All) nutsonyochin.de: BOOYAKASHA
(63:40 / Allies) nutsonyochin.de: THE MIND OF SHANE
(63:51 / Allies) nutsonyochin.de: shane's world
(63:57 / All) TandoiTRS-80: party time. excellent.
(65:13 / All) DOGSANDHORSE.RU: alley oop
(66:37 / All) DOGSANDHORSE.RU: bone dragons in the grave
(66:46 / Allies) DOGSANDHORSE.RU: who move my chiece
(66:48 / All) TandoiTRS-80: Hey/ hwho. move my chease.
(68:06 / Allies) DOGSANDHORSE.RU: brb
(68:07 / All) TandoiTRS-80: Grim Thunderjew, the Kodo Mountain King
(68:26 / All) TandoiTRS-80: Right-click!
(68:29 / All) TandoiTRS-80: Right-click!
(68:33 / All) TandoiTRS-80: Holy Light!
(68:36 / All) TandoiTRS-80: Flee!
(68:40 / All) CjiN00: /time
(68:41 / All) TandoiTRS-80: Grim ThunderJew
(68:55 / All) CjiN00: so music on
(68:59 / All) TandoiTRS-80: /f m these fucknie NERZd R gayeE!!11
(69:01 / All) nutsonyochin.de: boom boom boom
(69:04 / All) nutsonyochin.de: i wnat u in my room
(69:08 / All) nutsonyochin.de: lets spend the night together
(69:10 / All) nutsonyochin.de: forever is 2 soon
(69:19 / All) DOGSANDHORSE.RU: the venga bus is coming
(69:25 / All) TandoiTRS-80: *together in my room
(69:42 / All) nutsonyochin.de: *SUCKS A DICK
(69:55 / All) TandoiTRS-80: last.fm/music/DJ+Shadow/Mashin'+On+The+Motorway
(70:00 / All) nutsonyochin.de: my bad
(70:01 / All) TandoiTRS-80: FUCKIN ASSHOLE. my bad...
(71:33 / All) TandoiTRS-80: Phillipe
(72:03 / All) nutsonyochin.de: SHANE'S FLAMES, A CANDLE SHOP.
(72:07 / All) TandoiTRS-80: _grim thunderjew, 2009.
(72:10 / All) Kies: who cares?
(72:56 / All) TandoiTRS-80: Old.Thomy
(72:56 / All) DOGSANDHORSE.RU: GET OUT
(72:57 / All) TandoiTRS-80: Keis.
(73:14 / All) TandoiTRS-80: CJew1000
(73:18 / All) TandoiTRS-80: leave thte game SeaJew
(75:16 / All) TandoiTRS-80: GAY UNDEAD.
(75:20 / All) TandoiTRS-80: SUCKIN A GHOULS WOD.
(75:33 / All) TandoiTRS-80: A DEATH COIL. UNCOILING IN UR OTUH.
(75:52 / All) nutsonyochin.de: im hungry for a bagel, a famouse bagel. u know of any
(76:10 / All) DOGSANDHORSE.RU: i know....one....
(76:12 / All) nutsonyochin.de: i believe zuckerman has famous bagels.................
(76:25 / All) TandoiTRS-80: How about 'The Jew's Opinion', 78th & West 43rd.
(77:04 / All) nutsonyochin.de: 4 HONOR
(79:02 / All) TandoiTRS-80: Jewdectomy.
(79:49 / Allies) DOGSANDHORSE.RU: some people say
(79:53 / Allies) DOGSANDHORSE.RU: that grass is just dried hay
(80:00 / Allies) DOGSANDHORSE.RU: go eat worms
(80:02 / Allies) DOGSANDHORSE.RU: i gotta go real bad
(80:04 / Allies) DOGSANDHORSE.RU: leave me a lone
(80:06 / Allies) DOGSANDHORSE.RU: toot toot
(80:12 / Allies) DOGSANDHORSE.RU: (rpt)
(80:15 / All) DOGSANDHORSE.RU: some people just say
(80:18 / All) DOGSANDHORSE.RU: some money last forever
(80:20 / Allies) DOGSANDHORSE.RU: some people just say
(80:24 / Allies) DOGSANDHORSE.RU: leave me alone
(81:44 / All) nutsonyochin.de: dd
(81:45 / All) nutsonyochin.de: d
(81:45 / All) nutsonyochin.de: d
(81:46 / Allies) nutsonyochin.de: D
(81:46 / Allies) nutsonyochin.de: D
(81:47 / Allies) nutsonyochin.de: D
(81:47 / Allies) nutsonyochin.de: d
(81:48 / All) nutsonyochin.de: d
(81:48 / Allies) nutsonyochin.de: D
(81:48 / Allies) nutsonyochin.de: D
(81:49 / All) nutsonyochin.de: D
(81:49 / All) TandoiTRS-80: L
(81:50 / All) nutsonyochin.de: D
(81:50 / All) TandoiTRS-80: L
(81:51 / Allies) nutsonyochin.de: DD
(81:51 / All) TandoiTRS-80: L
(81:51 / Allies) nutsonyochin.de: D
(81:53 / Allies) nutsonyochin.de: D
(81:53 / Allies) nutsonyochin.de: D
(81:53 / All) TandoiTRS-80: L
(81:54 / Allies) nutsonyochin.de: D
(81:55 / Allies) nutsonyochin.de: d
(81:55 / Allies) nutsonyochin.de: D
(81:56 / All) TandoiTRS-80: it has been pulld.